 Dungeon Crawl Stone Soup version 0.23-a0-703-gdf2d5e0dd9 (webtiles) character file.

3581 Acheron the Sneak (level 10, -10/60 HPs)
             Began as a Kobold Hunter on Jan 14, 2019.
             Was a Priest of Okawaru.
             Mangled by an eight-headed hydra (11 damage)
             ... on level 2 of the Lair of Beasts.
             The game lasted 01:15:03 (9851 turns).

Acheron the Sneak (Kobold Hunter)                   Turns: 9851, Time: 01:15:04

Health: -10/60     AC: 15    Str: 10    XL:     10   Next: 31%
Magic:  13/15      EV: 20    Int: 15    God:    Okawaru [***...]
Gold:   455        SH:  0    Dex: 16    Spells: 10/16 levels left

rFire    . . .     SeeInvis .   S - +3 dagger (chaos)
rCold    . . .     Gourm    .   (shield restricted)
rNeg     . . .     Faith    .   k - +5 ring mail {MR+}
rPois    .         Spirit   .   h - +1 helmet
rElec    .         Reflect  .   n - scarf {repulsion}
rCorr    .         Harm     .   (no gloves)
MR       +....                  E - +0 pair of boots
Stlth    +++++.....             (no amulet)
HPRegen  0.20/turn              (no ring)
MPRegen  0.14/turn              (no ring)

@: heroism, frozen, repel missiles, very slow
A: small, carnivore
a: Heroism, Renounce Religion


You were on level 2 of the Lair of Beasts.
You worshipped Okawaru.
Okawaru was most pleased with you.
You were very full.

You visited 3 branches of the dungeon, and saw 11 of its levels.

You collected 588 gold pieces.
You spent 133 gold pieces at shops.

Inventory:

Hand Weapons
 a - a +1 hand crossbow
 b - a +0 blowgun
   (You took it off a kobold on level 3 of the Dungeon)
 o - a +0 morningstar
   (You found it on level 2 of the Dungeon)
 p - a +1 flail of protection
   (You took it off an orc on level 7 of the Dungeon)
 s - a +0 hunting sling
   (You took it off a goblin on level 3 of the Dungeon)
 w - a +0 short sword
 J - a +2 spear of flaming
   (You found it on level 7 of the Dungeon)
 K - a +0 hand axe of chopping
   (You found it on level 7 of the Dungeon)
 Q - a +1 whip of flaming
   (You took it off Pikel on level 7 of the Dungeon)
 S - a +3 dagger of chaos (weapon)
   (You took it off Psyche on level 8 of the Dungeon)
 W - a +0 war axe
   (You took it off an orc on level 8 of the Dungeon)
Missiles
 i - 273 stones (quivered)
 t - a throwing net {!f}
 G - 18 sling bullets
 H - 50 bolts
 I - 26 poisoned needles
Armour
 c - a +0 leather armour
 h - a +1 helmet (worn)
   (You found it on level 1 of the Dungeon)
 k - a +5 ring mail of magic resistance (worn)
   (You found it on level 4 of the Dungeon)
 n - a scarf of repulsion (worn)
   (You found it on level 2 of the Dungeon)
 C - a +0 ring mail of fire resistance
   (You took it off an orc on level 4 of the Dungeon)
 E - a +0 pair of boots (worn)
   (You found it on level 5 of the Dungeon)
 L - the +1 chain mail of Chimes {Regen+}
   (You found it on level 6 of the Dungeon)

   It increases your rate of regeneration.
Magical Staves
 U - an uncursed staff of air {unknown}
   (You found it on level 2 of the Lair of Beasts)
Jewellery
 l - a +6 ring of intelligence {unknown}
   (You found it on level 1 of the Dungeon)
 m - an uncursed ring of ice {unknown}
   (You found it on level 1 of the Dungeon)
 y - an uncursed amulet of guardian spirit
   (You found it on level 5 of the Dungeon)
Wands
 d - a wand of iceblast (12)
   (You found it on level 7 of the Dungeon)
 u - a wand of paralysis (20)
   (You found it on level 4 of the Dungeon)
 v - a wand of scattershot (5)
   (You found it on level 8 of the Dungeon)
 x - a wand of acid (9)
   (You found it on level 7 of the Dungeon)
 R - a wand of random effects (8)
   (You took it off Ijyb on level 4 of the Dungeon)
Scrolls
 F - a scroll of holy word
 M - a scroll of immolation {!r}
 O - a scroll of fog {unknown}
 T - a scroll of teleportation {@r4}
 V - 2 scrolls of identify {@r1}
 X - a scroll of fear
Potions
 f - a potion of magic {unknown}
 g - a potion of mutation {unknown}
 j - a potion of cancellation
 q - 4 potions of brilliance
 r - 3 potions of flight
 z - a potion of invisibility
 A - a potion of heal wounds {unknown}
 B - 2 potions of curing {@q1}
 D - 2 potions of degeneration {!q!d}
 N - a potion of might {unknown}
 P - a potion of agility {unknown}
Comestibles
 e - 19 rations {!d}


   Skills:
 * Level 6.0(11.0) Fighting
 * Level 6.2(11.2) Short Blades
 + Level 6.5(11.5) Crossbows
 * Level 4.0(9.0) Armour
 * Level 6.6(11.6) Dodging
 * Level 7.5(12.5) Stealth
 * Level 3.8 Spellcasting
 + Level 1.1 Conjurations
 * Level 1.9 Necromancy
 * Level 4.0 Invocations
 * Level 4.4 Evocations


You had 10 spell levels left.
You knew the following spells:

 Your Spells              Type           Power        Failure   Level  Hunger
a - Magic Dart            Conj           #...         24%         1    None
b - Pain                  Necr           #...         19%         1    None
c - Searing Ray           Conj           #.....       36%         2    ##.....
d - Shock                 Conj/Air       #...         30%         1    None
z - Animate Skeleton      Necr           N/A          19%         1    None

Your spell library contained the following spells:

 Spells                   Type           Power        Failure   Level  Hunger
 Vampiric Draining        Necr           #.........   47%         3    ###....
 Swiftness                Chrm/Air       #.......     52%         2    ##.....
 Regeneration             Chrm/Necr      #.........   63%         3    ###....
 Dazzling Spray           Conj/Hex       #.....       67%         3    ###....
 Static Discharge         Conj/Air       #.......     67%         3    ###....
 Animate Dead             Necr           N/A          87%         4    ####...
 Iskenderun's Mystic Bla  Conj           #.......     94%         4    ####...
 Force Lance              Conj/Tloc      #.......     97%         4    ####...
 Fulminant Prism          Conj/Hex       #.........   97%         4    ####...
 Airstrike                Air            #.........   98%         4    ####...
 Lightning Bolt           Conj/Air       #.........   100%        5    ######.


Dungeon Overview and Level Annotations

Branches:
Dungeon (8/15)             Temple (1/1) D:5            Lair (2/6) D:8
  Swamp: Lair:2-4    Shoals: Lair:2-4     Snake: Lair:2-4    Spider: Lair:2-4

Altars:
Ashenzari
Cheibriados
Dithmenos
Fedhas
Gozag
Hepliaklqana
Kikubaaqudgha
Makhleb
Nemelex Xobeh
Okawaru
Qazlal
Ru
Sif Muna
Trog
Uskayaw
Vehumet
Wu Jian
Xom
Yredelemnul

Shops:
D:5 ?   D:8 (

Annotations:
D:7 exclusion: 2 downstairs
Lair:1 exclusion: oklob plant


Innate Abilities, Weirdness & Mutations

You are small and have problems with some larger weapons.
You are carnivorous and can eat meat at any time.


Message History

You hit the crocodile but do no damage.
Your wolf skeleton bites the crocodile.
The crocodile misses you.
Your wolf skeleton misses the crocodile.
You hit the crocodile. You burn the crocodile.
Your wolf skeleton bites the crocodile.
You puncture the crocodile!
You kill the crocodile!
Okawaru accepts your kill.
Your Invocations skill increases to level 4!
There is a stone staircase leading up here.
Found a robe.
Your wolf skeleton crumbles into dust!
The rime drake breathes ice at you. The flash freeze hits you!
You are encased in ice.
The ice encasing you melts away.
The rime drake bites the fungus!
The rime drake bites the fungus.
You gain the combat prowess of a mighty hero.
The rime drake breathes ice at you.
The flash freeze is repelled.
The flash freeze hits the fungus.
The fungus is flash-frozen.
The eight-headed hydra bites you.
The eight-headed hydra closely misses you.
The eight-headed hydra bites you!
The eight-headed hydra bites you but does no damage.
The eight-headed hydra misses you. x2
The eight-headed hydra closely misses you.
The eight-headed hydra bites you. The rime drake breathes ice at you.
The flash freeze hits you!
* * * LOW HITPOINT WARNING * * *
You are encased in ice.
Aim: an eight-headed hydra The bolt of acid hits the eight-headed hydra.
The eight-headed hydra is splashed with acid.
The acid corrodes the eight-headed hydra!
The eight-headed hydra closely misses you.
The eight-headed hydra completely misses you.
The eight-headed hydra bites you but does no damage.
The eight-headed hydra bites you!
* * * LOW HITPOINT WARNING * * *
The eight-headed hydra misses you. The eight-headed hydra bites you.
* * * LOW HITPOINT WARNING * * *
The eight-headed hydra barely misses you.
The eight-headed hydra misses you.
As you read the scroll of fear, it crumbles to dust.
You assume a fearsome visage.
The rime drake looks frightened!
The eight-headed hydra easily resists.
The eight-headed hydra bites you.
* * * LOW HITPOINT WARNING * * *
The eight-headed hydra bites you!
You die...

.P.#........###.#.##.##
....D.......##...###.P#
......................#
.........[...........##
..................>...#
......................#
.........b...####.P...#
.............##P..#..##
..#........P....@.....#
....P...........D.##..#
...........#P......#.##
...........#P........#
k...P......##Pk.P....##
##.##.......P..##.##..##
###..................#.#
.....................###
.....................#


You could see an eight-headed hydra and a rime drake (fleeing).

Vanquished Creatures
  Pikel (D:7)
  Psyche (D:8)
  A spiny frog (Lair:1)
  A hippogriff (Lair:1)
  2 porcupines
  A black bear (D:7)
  2 slaves (D:7)
  A phantom (D:8)
  4 ogres
  4 wolves (Lair:2)
  2 crocodiles (Lair:2)
  2 bullfrogs
  A wyvern zombie (D:7)
  4 scorpions
  2 killer bees
  A howler monkey (D:8)
  2 crimson imps
  A centaur zombie (D:7)
  2 hounds
  An orc priest (D:4)
  2 bullfrog skeletons
  An iguana (D:4)
  2 orc wizards
  4 worker ants
  Ijyb (D:4)
  A hound zombie (D:8)
  A gnoll (D:6)
  6 adders
  2 shadow imps
  An adder zombie (D:5)
  2 worms (D:2)
  A dart slug (D:1)
  A leopard gecko (D:1)
  14 orcs
  2 giant cockroaches (D:2)
  3 goblins
  5 hobgoblins (D:1)
  5 jackals
  7 kobolds
  A quokka (D:7)
  2 ball pythons
  6 bats
  6 frilled lizards
  A jackal skeleton (D:4)
  A leopard gecko zombie (D:5)
  6 rats
120 creatures vanquished.

Vanquished Creatures (collateral kills)
  A hungry ghost (D:7)
  A jackal (D:7)
2 creatures vanquished.

Vanquished Creatures (others)
  A slave (D:8)
  A fungus (Lair:2)
  6 toadstools (D:5)
8 creatures vanquished.

Grand Total: 130 creatures vanquished

Notes
Turn   | Place    | Note
-------+----------+-------------------------------------------
     0 | D:1      | Acheron the Kobold Hunter began the quest for the Orb.
     0 | D:1      | Reached XP level 1. HP: 12/12 MP: 1/1
   140 | D:1      | Reached XP level 2. HP: 18/18 MP: 2/2
   349 | D:1      | Reached skill level 2 in Stealth
   895 | D:1      | Reached XP level 3. HP: 22/22 MP: 3/3
  1325 | D:1      | Reached skill level 5 in Crossbows
  1458 | D:2      | Found a stormy altar of Qazlal.
  1713 | D:2      | Reached skill level 1 in Short Blades
  1778 | D:2      | Reached XP level 4. HP: 20/27 MP: 4/4
  2142 | D:2      | Found a burning altar of Makhleb.
  2288 | D:2      | Reached skill level 1 in Armour
  2541 | D:3      | Reached skill level 3 in Stealth
  2574 | D:3      | Reached XP level 5. HP: 18/32 MP: 5/5
  2944 | D:3      | Found a faded altar of an unknown god.
  3272 | D:4      | Found a sparkling altar of Nemelex Xobeh.
  3291 | D:4      | Noticed Ijyb
  3328 | D:4      | Killed Ijyb
  3540 | D:5      | Entered Level 5 of the Dungeon
  3599 | D:5      | Noticed a moth of wrath
  3601 | D:5      | Found a bloodstained altar of Trog.
  3739 | D:5      | Found an opulent altar of Gozag.
  4014 | D:4      | Reached XP level 6. HP: 34/37 MP: 5/7
  4116 | D:4      | Reached skill level 1 in Spellcasting
  4713 | D:5      | Reached skill level 4 in Stealth
  4715 | D:5      | Noticed an ogre
  4720 | D:5      | Killed an ogre
  4720 | D:5      | Reached XP level 7. HP: 42/42 MP: 8/8
  4749 | D:5      | Found a staircase to the Ecumenical Temple.
  4764 | Temple   | Entered the Ecumenical Temple
  4836 | Temple   | Became a worshipper of Warmaster Okawaru
  4896 | D:5      | Found a radiant altar of Vehumet.
  4896 | D:5      | Found a snail-covered altar of Cheibriados.
  5073 | D:5      | Found a sacrificial altar of Ru.
  5116 | D:5      | Found Neopp's Magic Scroll Shoppe.
  5124 | D:5      | Bought a scroll of identify for 28 gold pieces
  5124 | D:5      | Bought a scroll of holy word for 105 gold pieces
  5728 | D:7      | Found an ancient bone altar of Kikubaaqudgha.
  5874 | D:6      | Reached * piety under Okawaru
  5874 | D:6      | Reached skill level 5 in Stealth
  5874 | D:6      | Reached XP level 8. HP: 48/48 MP: 10/10
  5914 | D:6      | Got a blackened chain mail
  5917 | D:6      | Identified the +1 chain mail of Chimes {Regen+} (You found
                  | it on level 6 of the Dungeon)
  5943 | D:6      | Learned a level 1 spell: Animate Skeleton
  5945 | D:6      | Learned a level 1 spell: Magic Dart
  5947 | D:6      | Learned a level 1 spell: Pain
  5950 | D:6      | Learned a level 2 spell: Searing Ray
  6084 | D:6      | Found a basalt altar of Yredelemnul.
  6419 | D:7      | Reached skill level 1 in Invocations
  6419 | D:7      | Reached skill level 1 in Evocations
  6492 | D:7      | Reached skill level 5 in Dodging
  7073 | D:7      | Noticed a hippogriff
  7119 | D:8      | Found Upoxo's Weapon Boutique.
  7121 | D:8      | Noticed Pikel
  7815 | D:7      | Killed Pikel
  7815 | D:7      | Reached ** piety under Okawaru
  7815 | D:7      | Reached skill level 5 in Fighting
  7815 | D:7      | Reached skill level 5 in Short Blades
  7815 | D:7      | Reached skill level 6 in Stealth
  7815 | D:7      | Reached XP level 9. HP: 51/54 MP: 11/13
  7975 | D:8      | Found a deep blue altar of Sif Muna.
  8093 | D:8      | Noticed Psyche
  8113 | D:8      | Killed Psyche
  8113 | D:8      | Reached *** piety under Okawaru
  8562 | D:8      | Found a staircase to the Lair.
  8652 | Lair:1   | Entered Level 1 of the Lair of Beasts
  8652 | Lair:1   | Noticed an oklob plant
  8652 | Lair:1   | Noticed a blink frog
  8655 | Lair:1   | Noticed a blink frog
  8655 | Lair:1   | Noticed a blink frog
  8678 | Lair:1   | Noticed a hippogriff
  8941 | Lair:1   | Found a hazy altar of Hepliaklqana.
  8953 | Lair:1   | Noticed a komodo dragon
  8972 | Lair:1   | Reached skill level 7 in Stealth
  9025 | Lair:1   | Killed a hippogriff
  9044 | Lair:1   | Noticed a spiny frog
  9059 | Lair:1   | Killed a spiny frog
  9059 | Lair:1   | Reached skill level 1 in Necromancy
  9059 | Lair:1   | Reached XP level 10. HP: 40/60 MP: 11/15
  9169 | Lair:1   | Noticed a six-headed hydra
  9169 | Lair:1   | Noticed a spiny frog
  9188 | Lair:2   | Noticed an eight-headed hydra
  9207 | Lair:2   | Noticed a rime drake
  9502 | Lair:2   | Received a gift from Okawaru
  9566 | Lair:2   | Learned a level 1 spell: Shock
  9717 | Lair:2   | Reached skill level 1 in Conjurations
  9850 | Lair:2   | HP: 2/60 [eight-headed hydra (6)]
  9851 | Lair:2   | Mangled by an eight-headed hydra

Vault maps used:
D:1:      minmay_arrival_semitransparent
D:2:      minmay_general_purpose_star, old_standard_altar,
          overflow_temple_1_default, first_ration, makhleb_heckhound_becter,
          uniq_natasha
D:3:      chequers_ecumenical_altar_grove
D:4:      nemelex_altar_shiori, uniq_ijyb
D:5:      nicolae_ru_awakened_eye, gammafunk_temple_overflow_statue,
          lemuel_coloured_pillars_altar, tgw_trog,
          minmay_temple_entry_antechambers, serial_shops, shop,
          minmay_gold_behind_fungi
D:6:      kennysheep_little_box
D:7:      lemuel_crystal_altar
D:8:      lemuel_doored_altar, lair_entry_dummy, serial_shops,
          nicolae_shop_stone, blue_anna_alchemist, uniq_psyche, uniq_pikel
Temple:   dpeg_three_leaves_temple
Lair:1:   lemuel_reptile_caves, gauntlet_entry_generic, basic_altar,
          dpeg_stationary_puzzle, infiniplex_staircase_pool_2
Lair:2:   lemuel_fruit_fields, lemuel_fruit_fields

Skill      XL: |  1  2  3  4  5  6  7  8  9 10 |
---------------+-------------------------------+-----
Stealth        | 2 3 4 5 6 7 |  7.5
Crossbows      | 5 6 |  6.5
Dodging        | 3 4 5 6 |  6.6
Short Blades   | 1 2 3 5 6 |  6.2
Armour         | 1 2 3 4 |  4.0
Fighting       | 3 4 5 6 |  6.0
Spellcasting   | 1 2 3 |  3.8
Invocations    | 2 3 4 |  4.0
Evocations     | 3 4 |  4.4
Necromancy     | 1 |  1.9
Conjurations   | 1 |  1.1

Action                   |  1- 3 |  4- 6 |  7- 9 | 10-12 || total
-------------------------+-------+-------+-------+-------++-------
Melee: Short sword       |   105 |   132 |       |       ||   237
       Morningstar       |       |    20 |    89 |       ||   109
       Punch             |       |       |     3 |       ||     3
       Dagger            |       |       |    29 |    51 ||    80
       Whip              |       |       |     4 |       ||     4
       Flail             |       |       |       |     3 ||     3
 Fire: Hand crossbow     |    23 |    45 |   177 |     7 ||   252
 Cast: Animate Skeleton  |       |       |     4 |     2 ||     6
Invok: Heroism           |       |       |     5 |     3 ||     8
Evoke: Wand              |       |     3 |     3 |     1 ||     7
  Use: Potion            |     2 |       |     2 |       ||     4
       Scroll            |     1 |    10 |     9 |     2 ||    22
 Stab: Sleeping          |     7 |     1 |     2 |       ||    10
       Distracted        |       |     1 |       |     1 ||     2
       Paralysed         |       |       |     5 |       ||     5
       Confused          |       |       |     1 |     1 ||     2
  Eat: Chunk             |    10 |    10 |    14 |     2 ||    36
Armor: Leather armour    |    19 |    36 |       |       ||    55
       Ring mail         |       |     8 |    78 |    15 ||   101
Dodge: Dodged            |    94 |   116 |   227 |    53 ||   490
       Deflected         |       |     3 |       |     1 ||     4

Table legend:
 A = Non-vault XP
 B = Vault XP
 C = Vault XP percentage of total XP
 D = Non-vault monster count
 E = Vault monster count
 F = Vault count percentage of total count
                 A         B        C        D         E       F
            +---------+---------+-------+---------+---------+-------
      Total |    3970 |    1146 |  22.4 |     114 |       6 |   5.0
            +---------+---------+-------+---------+---------+-------
        D:1 |      41 |       0 |   0.0 |      24 |       0 |   0.0
        D:2 |      31 |      49 |  61.2 |      11 |       3 |  21.4
        D:3 |      69 |       0 |   0.0 |      11 |       0 |   0.0
        D:4 |     205 |      32 |  13.5 |      10 |       1 |   9.1
        D:5 |     255 |       0 |   0.0 |       9 |       0 |   0.0
        D:6 |     258 |       0 |   0.0 |       6 |       0 |   0.0
        D:7 |     905 |     641 |  41.5 |      19 |       1 |   5.0
        D:8 |     496 |     424 |  46.1 |      13 |       1 |   7.1
     Lair:1 |     889 |       0 |   0.0 |       4 |       0 |   0.0
     Lair:2 |     821 |       0 |   0.0 |       7 |       0 |   0.0
            +---------+---------+-------+---------+---------+-------
